 Dungeon Crawl Stone Soup version 0.17-a0-1719-g1afd5a1 (webtiles) character file.

69 kosy22 the Skirmisher (level 4, 0/49 HPs)
             Began as an Ogre Berserker on Aug 28, 2015.
             Was a Believer of Trog.
             Slain by a hobgoblin
             ... wielding a cursed -3 club
             ... led by Robin
              (2 damage)
             ... on level 2 of the Dungeon.
             The game lasted 00:04:43 (1744 turns).

kosy22 the Skirmisher (Ogre Berserker)              Turns: 1744, Time: 00:04:43

Health: 0/49       AC:  6    Str: 28    XL:     4   Next: 20%
Magic:  4/4        EV: 10    Int:  6    God:    Trog [**....]
Gold:   82         SH:  0    Dex:  9    Spells: 0 memorised, 3 levels left

rFire  . . .     SeeInvis .     a - +0 falchion
rCold  . . .     Clarity  .     b - +0 animal skin
rNeg   . . .     SustAt   .     (no shield)
rPois  .         Gourm    .     k - +1 hat {MR+}
rElec  .         Spirit   .     (no cloak)
rCorr  .         Warding  .     (gloves unavailable)
rMut   .         Stasis   .     (boots unavailable)
MR     +....                    (no amulet)
Stlth  +.........               (no ring)
                                (no ring)

@: mighty, very slightly contaminated, invisible, somewhat resistant to hostile
enchantments, very unstealthy
A: unfitting armour, thin metallic scales 1, spit poison 1, tough skin 1,
MP-powered wands
a: Spit Poison, Burn Spellbooks, Berserk, Trog's Hand, Renounce Religion


You were on level 2 of the Dungeon.
You worshipped Trog.
Trog was pleased with you.
You were not hungry.

You visited 1 branch of the dungeon, and saw 2 of its levels.

You collected 82 gold pieces.

Inventory:

Hand weapons
 a - a +0 falchion (weapon)
Missiles
 f - 7 needles of sleeping (quivered)
Armour
 b - a +0 animal skin (worn)
 k - a +1 hat of magic resistance (worn)
Scrolls
 d - a scroll of noise {unknown}
 e - a scroll of immolation {unknown}
 h - a scroll of remove curse {unknown}
 j - a scroll of identify
 l - a scroll of enchant weapon {unknown}
Comestibles
 c - 3 bread rations
 o - a meat ration


   Skills:
 + Level 4.7 Fighting
 + Level 2.6 Long Blades
 + Level 3.6 Dodging


You had 3 spell levels left.
You didn't know any spells.

Dungeon Overview and Level Annotations

Branches:
Dungeon (2/15)

Altars:


Innate Abilities, Weirdness & Mutations

You are too large for most types of armour.
You have tough skin (AC +1).
You are partially covered in thin metallic scales (AC +2).
You can spit weak poison.
You expend magic power (3 MP) to strengthen your wands.


Message History

You closely miss the hobgoblin.
The goblin shouts!
The hobgoblin completely misses you. The hobgoblin closely misses you.
You miss the hobgoblin. The hobgoblin misses you.
The hobgoblin hits you but does no damage.
You barely miss the hobgoblin.
The hobgoblin hits you but does no damage.
As you read the scroll labeled FICIOT ONNU, it crumbles to dust.
It is a scroll of identify.
Identify which item? (\ to view known items) (? for menu, Esc to quit)
n - a potion of mutation The hobgoblin barely misses you.
The hobgoblin hits you but does no damage.
Drink which item? (? for menu, Esc to quit)
You feel extremely strange.
You feel your magical essence link to your wands.
Thin metallic scales grow over part of your body.
There is a nasty taste in your mouth for a moment.
The hobgoblin hits you with a club.
You die...

######### ########
#.......# .......##
#.......#
##########....####b.....$##
....=.........gg@gg).)...>#
##########.g.gg###g.....(##
# #[..#.# #.......# #
#...#g.######..## #
######.# ..# .. ..# #g# .#
g# b#


You could see 4 hobgoblins, 4 goblins and a bat.

Vanquished Creatures
  Robin (D:2)
  2 adders (D:2)
  A giant gecko (D:2)
  3 bats (D:1)
  A giant cockroach (D:1)
  5 goblins
  7 hobgoblins
  3 giant newts
  5 kobolds
  12 rats
40 creatures vanquished.

Notes
Turn   | Place    | Note
--------------------------------------------------------------
     0 | D:1      | kosy22 the Ogre Berserker began the quest for the Orb.
     0 | D:1      | Reached XP level 1. HP: 24/24 MP: 1/1
   277 | D:1      | Reached XP level 2. HP: 32/32 MP: 2/2
  1108 | D:1      | Reached XP level 3. HP: 40/40 MP: 3/3
  1177 | D:1      | Acquired Trog's second power
  1712 | D:2      | Noticed Robin
  1726 | D:2      | Reached XP level 4. HP: 13/49 MP: 4/4
  1735 | D:2      | Killed Robin
  1739 | D:2      | HP: 1/49 [hobgoblin/club[Robin] (2)]
  1744 | D:2      | Gained mutation: You expend magic power (3 MP) to strengthen your wands. [potion of mutation]
  1744 | D:2      | Gained mutation: You are partially covered in thin metallic scales (AC +2). [potion of mutation]
  1744 | D:2      | Gained mutation: You can spit weak poison. [potion of mutation]
  1744 | D:2      | Slain by a hobgoblin

Vault maps used:
D:1:      lemuel_arrival_behind_the_door_small, minmay_rat_gold_closets
D:2:      uniq_robin, uniq_jessica, uniq_sigmund

Action                   |  1- 3 |  4- 6 || total
-------------------------+-------+-------++-------
Melee: Falchion          |   127 |     9 ||   136
  Use: Potion            |       |     4 ||     4
       Scroll            |       |     1 ||     1
 Stab: Sleeping          |     1 |       ||     1
       Invisible         |       |     1 ||     1
  Eat: Bread ration      |     1 |       ||     1
